 Dungeon Crawl Stone Soup version 0.18-a0-1027-g814d7dd (webtiles) character file.

172 tof the Shield-Bearer (level 5, -3/42 HPs)
             Began as a Formicid Fighter on Jan 8, 2016.
             Was an Initiate of Okawaru.
             Killed by nerve-wracking pain
             ... invoked by Grinder
              (13 damage)
             ... on level 3 of the Dungeon.
             The game lasted 00:03:32 (2039 turns).

tof the Shield-Bearer (Formicid Fighter)            Turns: 2039, Time: 00:03:33

Health: -3/42      AC:  7    Str: 20    XL:     5   Next: 82%
Magic:  5/5        EV:  8    Int:  8    God:    Okawaru [......]
Gold:   173        SH:  9    Dex: 11    Spells: 0 memorised, 4 levels left

rFire  . . .     SeeInvis +     q - +1 whip (venom)
rCold  . . .     Gourm    .     b - +0 scale mail
rNeg   . . .     Faith    .     c - +0 shield
rPois  .         Spirit   .     (helmet unavailable)
rElec  .         Dismiss  .     (no cloak)
rCorr  .         Reflect  .     (no gloves)
SustAt .         Harm     .     (no boots)
MR     .....                    (no amulet)
Stlth  ..........               (no ring)
                                l - ring of teleportation (curse)

@: not resistant to hostile enchantments, extremely unstealthy
A: permanent stasis, dig shafts and tunnels, four strong arms, antennae 3
a: Dig, Shaft Self, Renounce Religion, Evoke Teleportation


You were on level 3 of the Dungeon.
You worshipped Okawaru.
Okawaru was noncommittal.
You were not hungry.

You visited 1 branch of the dungeon, and saw 3 of its levels.

You collected 173 gold pieces.

Inventory:

Hand Weapons
 a - a +0 war axe
 q - a +1 whip of venom (weapon)
Armour
 b - a +0 scale mail (worn)
 c - a +0 shield (worn)
Jewellery
 l - a cursed ring of teleportation (left hand)
Wands
 r - a wand of invisibility (5/9)
Scrolls
 h - 3 scrolls of amnesia {unknown}
 j - a scroll of recharging {unknown}
 m - 2 scrolls of identify {unknown}
 n - a scroll of fog {unknown}
 o - a scroll of magic mapping {unknown}
 p - 2 scrolls of remove curse {unknown}
 s - 4 scrolls of enchant armour {unknown}
 u - a scroll of random uselessness {unknown}
 w - a scroll of fear {unknown}
Potions
 d - 2 potions of might
 e - 2 potions of curing {unknown}
 g - 2 potions of mutation {unknown}
 k - 2 potions of flight {unknown}
 t - a potion of ambrosia {unknown}
Comestibles
 f - 2 bread rations
 i - 2 beef jerkies
 v - 10 chunks of flesh


   Skills:
 + Level 4.1 Fighting
 + Level 2.8(3.0) Axes
 + Level 1.0(2.0) Maces & Flails
 + Level 4.1 Armour
 + Level 1.5 Dodging
 + Level 4.7 Shields


You had 4 spell levels left.
You didn't know any spells.

Dungeon Overview and Level Annotations

Branches:
Dungeon (3/15)

Altars:
Okawaru
Sif Muna

Annotations:
D:3 Grinder


Innate Abilities, Weirdness & Mutations

You are under a permanent stasis effect.
You can dig through walls and to a lower floor.
Your four strong arms can wield two-handed weapons with a shield.
You have a pair of large antennae on your head (SInv).


Message History

You hit Grinder.
Grinder is lightly wounded.
Grinder hits you but does no damage. Grinder gestures at you.
You resist with significant effort.
You hit Grinder.
Grinder is moderately wounded.
Grinder hits you!
You hit Grinder.
Grinder is moderately wounded.
Grinder closely misses you.
You hit Grinder.
Grinder is heavily wounded.
Grinder hits you!
* * * LOW HITPOINT WARNING * * *
You writhe in agony.
* * * LOW HITPOINT WARNING * * *
Grinder gestures at you. Pain shoots through your body!
You die...

#########
#.......#
#.#####.#
#5#####.#
#........
####@##.#..#
#..........#
#.##.####.##
#.##.# # #.##..
.#
#.#############
.# #.#
#.......# .#
#.## #..>....#
.# #..#
#.......####.##


You could see Grinder.

Vanquished Creatures
  Jessica (D:3)
  Terence (D:3)
  2 gnolls (D:3)
  2 adders
  An ooze (D:1)
  4 worms
  2 giant geckos (D:2)
  An orc (D:3)
  8 bats
  A giant cockroach (D:1)
  8 goblins
  7 hobgoblins
  5 jackals (D:3)
  13 kobolds
  A quokka (D:2)
  A ball python (D:2)
  3 giant newts
  10 rats
71 creatures vanquished.

Notes
Turn   | Place    | Note
--------------------------------------------------------------
     0 | D:1      | tof the Formicid Fighter began the quest for the Orb.
     0 | D:1      | Reached XP level 1. HP: 18/18 MP: 1/1
    61 | D:1      | Reached XP level 2. HP: 9/24 MP: 2/2
   361 | D:1      | Reached XP level 3. HP: 29/29 MP: 3/3
   373 | D:1      | Reached skill level 4 in Shields
   995 | D:2      | Found an iron altar of Okawaru.
  1005 | D:2      | Became a worshipper of Warmaster Okawaru
  1064 | D:2      | Reached XP level 4. HP: 23/37 MP: 4/4
  1363 | D:2      | Found a deep blue altar of Sif Muna.
  1572 | D:3      | Reached skill level 1 in Dodging
  1814 | D:3      | Noticed Jessica
  1832 | D:3      | Killed Jessica
  1832 | D:3      | Reached XP level 5. HP: 40/42 MP: 5/5
  1999 | D:3      | Noticed Terence
  2005 | D:3      | Killed Terence
  2005 | D:3      | Reached skill level 1 in Maces & Flails
  2026 | D:3      | Noticed Grinder
  2039 | D:3      | Killed from afar by Grinder

Vault maps used:
D:1:      dpeg_arrival_rooms_with_view
D:2:      overflow_temple_1_default, okawaru_ov_weapons_minmay
D:3:      cheibriados_altar_1, uniq_terence, uniq_jessica, uniq_grinder,
          uniq_crazy_yiuf_cottage

Action                   |  1- 3 |  4- 6 || total
-------------------------+-------+-------++-------
Melee: War axe           |    89 |    11 ||   100
       Whip              |       |   130 ||   130
  Eat: Chunk             |     1 |     3 ||     4
